 Dungeon Crawl Stone Soup version 0.21.1-1-g345015fe64 (webtiles) character file.

35 DildoBatman the Vexing (level 3, -2/29 HPs)
             Began as a Formicid Enchanter on Feb 19, 2018.
             Slain by an adder (3 damage)
             ... on level 2 of the Dungeon.
             The game lasted 00:02:09 (1149 turns).

DildoBatman the Vexing (Formicid Enchanter)         Turns: 1149, Time: 00:02:10

Health: -2/29      AC:  2    Str: 13    XL:     3   Next: 52%
Magic:  5/6        EV: 12    Int: 14    God:
Gold:   37         SH:  0    Dex: 11    Spells: 2/6 levels left

rFire    . . .     SeeInvis +   a - +1 dagger
rCold    . . .     Gourm    .   (no shield)
rNeg     . . .     Faith    .   b - +0 robe
rPois    .         Spirit   .   (helmet unavailable)
rElec    .         Reflect  .   (no cloak)
rCorr    .         Harm     .   (no gloves)
MR       .....                  (no boots)
Stlth    ++........             (no amulet)
HPRegen  0.09/turn              (no ring)
MPRegen  0.10/turn              (no ring)

@: lethally poisoned (-2 -> -10)
A: permanent stasis, dig shafts and tunnels, four strong arms, antennae 3
a: Dig, Shaft Self


You were on level 2 of the Dungeon.
You were not hungry.

You visited 1 branch of the dungeon, and saw 2 of its levels.

You collected 37 gold pieces.

Inventory:

Hand Weapons
 a - a +1 dagger (weapon)
Armour
 b - a +0 robe (worn)
Scrolls
 f - 2 scrolls of identify {unknown}
 i - a scroll of enchant armour {unknown}
Potions
 d - 2 potions of berserk rage {unknown}
 e - a potion of flight {unknown}
 g - a potion of ambrosia {unknown}
 j - a potion of agility {unknown}
 k - 2 potions of degeneration {unknown}
Books
 c - a book of Maledictions

   Spells                             Type                      Level
   a - Corona                         Hexes                        1
   b - Ensorcelled Hibernation        Hexes/Ice                    2
   c - Confuse                        Hexes                        3
   d - Tukima's Dance                 Hexes                        3
   e - Dazzling Spray                 Conjuration/Hexes            3
Comestibles
 h - 4 chunks of flesh
 v - 2 rations


   Skills:
 - Level 3.1 Fighting
 - Level 1.0 Short Blades
 * Level 0.0 Armour
 * Level 1.7 Dodging
 * Level 3.6 Stealth
 - Level 2.1 Spellcasting
 - Level 3.6 Hexes


You had 2 spell levels left.
You knew the following spells:

 Your Spells              Type           Power        Failure   Level  Hunger
a - Corona                Hex            ##.....      5%          1    #......
b - Confuse               Hex            ##......     16%         3    ###....


Dungeon Overview and Level Annotations

Branches:
Dungeon (2/15)

Altars:


Innate Abilities, Weirdness & Mutations

You cannot be hasted, slowed, berserked, paralysed or teleported.
You can dig through walls and to a lower floor.
Your four strong arms can wield two-handed weapons with a shield.
You have a pair of large antennae on your head. (SInv)


Message History

Aim: an adder (moderately wounded, chance to defeat MR: 55%)
The adder is outlined in light.
You feel sick. The adder bites you but does no damage.
You closely miss the adder.
The adder is moderately wounded.
You feel sick. The adder closely misses you. x2
You closely miss the adder.
The adder is moderately wounded.
The adder barely misses you.
You hit the adder but do no damage.
The adder is moderately wounded.
You feel sick. The adder bites you.
You hit the adder.
The adder is almost dead.
You feel sick. The adder bites you.
You die...

{ #.. { #.# #.# #.# #.#
# #.# ## #.# #.#.#
.#####.# #.# #.#.####.#.
.......# #.# #..S.......
.###### #.# #@# .# #.#
#.# .#########.# #.#
...........#####.####.#
.......)................
########################


You could see an adder.

Vanquished Creatures
  An adder (D:2)
  An ooze (D:1)
  A leopard gecko (D:1)
  A hobgoblin (D:2)
  2 jackals (D:1)
  6 kobolds (D:1)
  A ball python (D:1)
  3 bats (D:1)
  2 frilled lizards (D:1)
  4 rats (D:1)
22 creatures vanquished.

Notes
Turn   | Place    | Note
-------+----------+-------------------------------------------
     0 | D:1      | DildoBatman the Formicid Enchanter began the quest for the Orb.
     0 | D:1      | Reached XP level 1. HP: 13/13 MP: 3/3
   117 | D:1      | Reached skill level 1 in Fighting
   117 | D:1      | Reached XP level 2. HP: 22/22 MP: 5/5
   666 | D:1      | Reached XP level 3. HP: 24/28 MP: 3/6
   756 | D:1      | Learned a level 3 spell: Confuse
  1149 | D:2      | HP: 1/29 [poisoned by an adder]
  1149 | D:2      | Slain by an adder

Skill      XL: |  1  2  3 |
---------------+----------+-----
Fighting       | 1 2 3 |  3.1
Short Blades   | |  1.0
Dodging        | |  1.7
Stealth        | |  3.6
Spellcasting   | |  2.1
Hexes          | |  3.6

Action                   || total
-------------------------++-------
Melee: Dagger            ||    88
 Cast: Corona            ||    13
 Abil: Dig               ||     1
 Stab: Sleeping          ||     8
  Eat: Chunk             ||     1
Armor: Robe              ||    19
Dodge: Dodged            ||    58
